 Dungeon Crawl Stone Soup version 0.32-a0-41-gec2d92a32c (webtiles) character file.

Game seed: 2775234443780457591

90 pokeman the Magician (level 4, 0/25 HPs)
             Began as a Deep Elf Hedge Wizard on Jan 25, 2024.
             Succumbed to Sigmund's poison
             ... on level 2 of the Dungeon.
             The game lasted 00:03:17 (1548 turns).

pokeman the Magician (Deep Elf Hedge Wizard)        Turns: 1548, Time: 00:03:18

Health: 0/25       AC:  2    Str:  7    XL:     4   Next: 32%
Magic:  9/13       EV: 12    Int: 21    God:
Gold:   43         SH:  0    Dex: 14    Spells: 6/14 levels left

rFire   . . .        a - +0 dagger
rCold   . . .        (no shield)
rNeg    . . .        b - +0 robe
rPois   .            c - +0 hat
rElec   .            (no cloak)
rCorr   .            (no gloves)
SInv    .            (no boots)
Will    .....        (no amulet)
Stlth   ++           (no ring)
HPRegen 0.24/turn    (no ring)
MPRegen 0.13/turn

%: no passive effects
@: brilliant, lethally poisoned (0 -> -8)
A: no striking features
a: no special abilities


You were on level 2 of the Dungeon.
You visited 1 branch of the dungeon, and saw 2 of its levels.

You collected 43 gold pieces.

Inventory:

Hand Weapons
 a - a +0 dagger (weapon)
Armour
 b - a +0 robe (worn)
 c - a +0 hat (worn)
Scrolls
 f - 3 scrolls of identify {unknown}
 h - 2 scrolls of noise {unknown}
 i - a scroll of acquirement {unknown}
 j - a scroll of revelation {unknown}
Potions
 d - a potion of magic
 g - 4 potions of mutation {unknown}
 k - 2 potions of ambrosia {unknown}


   Skills:
 - Level 1.0 Fighting
 - Level 1.0 Armour
 - Level 2.7 Dodging
 - Level 2.7 Stealth
 - Level 5.6 Spellcasting
 + Level 2.1 Conjurations
 - Level 1.1 Summonings
 - Level 1.1 Translocations


You had 6 spell levels left.
You knew the following spells:

 Your Spells              Type           Power      Damage    Failure   Level
a - Magic Dart            Conj           88%        1d7       4%          1
b - Mephitic Cloud        Conj/Alch/Air  13%        N/A       22%         3
c - Call Imp              Summ           30%        N/A       10%         2
d - Blink                 Tloc           30%        N/A       10%         2

Your spell library contained the following spells:

 Spells                   Type           Power      Damage    Failure   Level
 Slow                     Hex            32%        N/A       10%         1
 Cigotuvi's Dreadful Rot  Necr/Alch/Air  16%        N/A       16%         2
 Frozen Ramparts          Ice            16%        1d3       30%         3
 Leda's Liquefaction      Alch/Erth      4%         N/A       69%         4
 Petrify                  Alch/Erth      8%         N/A       69%         4
 Metabolic Englaciation   Hex/Ice        4%         N/A       95%         5


Dungeon Overview and Level Annotations

Branches:
Dungeon (2/15)

Altars:

Annotations:
D:2 Natasha, Sigmund


Message History

Sigmund is severely wounded.
The stinking cloud engulfs you.
You are engulfed in noxious fumes.
You choke on the stench!
You are confused.
You feel sick.
You hear an angry hiss.
You hear a loud squeak.
Unknown command.
You bump into the rock wall.
You are engulfed in noxious fumes.
You choke on the stench!
You are more confused.
You feel sick.
Sigmund is engulfed in noxious fumes.
Sigmund appears confused.
Unknown command.
You feel sick.
Sigmund is engulfed in noxious fumes.
Sigmund appears confused.
Unknown command.
You feel sick.
You are no longer poisoned.
Sigmund is engulfed in noxious fumes.
Sigmund appears confused.
You feel less confused.
Sigmund is engulfed in noxious fumes.
Sigmund appears confused.
Sigmund chortles and stares into space.
You strike the helpless Sigmund from behind!
You hit Sigmund.
Sigmund is almost dead.
Sigmund hits you with a +0 scythe of venom.
You are lethally poisoned!
You hit Sigmund but do no damage.
Sigmund is almost dead.
You feel very sick.
* * * LOW HITPOINT WARNING * * *
You feel very sick.
The ball python attacks as it pursues you!
The ball python bites you but does no damage.
The ball python closely misses you.
Sigmund misses the ball python.
* * * LOW HITPOINT WARNING * * *
You feel sick.
The ball python attacks as it pursues you!
The ball python misses you. The ball python barely misses you.
It was a potion of brilliance.
You feel clever all of a sudden.
You die...

#.##...##.#.......
###.##...##.##.....#
#...........######..
#...##.....## ##.
#...##...#.# #
#...##...#.#
##..##...#.#
#..##...# #.@######
#.S# #..# #.@# #○.#
#☼.# #..# ..°. .....


You could see Sigmund (confused) and a ball python.

Vanquished Creatures
  Natasha (D:2)
  An adder (D:2)
  2 gnolls
  4 dart slugs
  3 ball pythons
  4 bats
  An endoplasm (D:2)
  A giant cockroach (D:1)
  3 goblins
  2 hobgoblins
  2 quokkas
  A frilled lizard (D:1)
  5 rats
30 creatures vanquished.

Notes
Turn   | Place    | Note
-------+----------+-------------------------------------------
     0 | D:1      | pokeman the Deep Elf Hedge Wizard began the quest for the
                  | Orb.
     0 | D:1      | Reached XP level 1. HP: 10/10 MP: 7/7
   284 | D:1      | Reached XP level 2. HP: 16/16 MP: 5/9
   862 | D:2      | Reached skill level 5 in Spellcasting
  1028 | D:1      | Reached XP level 3. HP: 12/20 MP: 0/11
  1033 | D:1      | Learned a level 3 spell: Mephitic Cloud
  1036 | D:1      | Learned a level 2 spell: Call Imp
  1039 | D:1      | Learned a level 2 spell: Blink
  1153 | D:2      | Reached skill level 1 in Armour
  1213 | D:2      | Reached skill level 1 in Fighting
  1309 | D:2      | Noticed Natasha
  1318 | D:2      | Killed Natasha
  1319 | D:2      | Reached XP level 4. HP: 10/25 MP: 2/13
  1414 | D:2      | Noticed Natasha
  1527 | D:2      | Noticed Sigmund
  1548 | D:2      | Succumbed to Sigmund's poison

Illustrated notes

Levels and vault maps discovered:
D:1:      eino_arrival_druids_welcome, layout_rooms, bh_walls_and_bars
D:2:      layout_rooms, minmay_unequal, uniq_sigmund, uniq_natasha

Skill      XL: |  1  2  3 |
---------------+----------+-----
Spellcasting   | 5 |  5.6
Armour         | 1 |  1.0
Fighting       | 1 |  1.0
Conjurations   | 2 |  2.1
Dodging        | |  2.7
Stealth        | |  2.7
Summonings     | |  1.1
Translocations | |  1.1

Action                     |  1- 3 |  4- 6 || total
---------------------------+-------+-------++-------
  Melee: Dagger            |     4 |     9 ||    13
         Punch             |       |     1 ||     1
   Cast: Magic Dart        |    95 |    10 ||   105
         Mephitic Cloud    |       |     2 ||     2
         Call Imp          |       |     1 ||     1
    Use: Potion            |       |     1 ||     1
   Stab: Confused          |       |     2 ||     2
 Armour: Robe              |     9 |     6 ||    15
  Dodge: Dodged            |    11 |    12 ||    23

Table legend: (Time is in decaauts)
 A = Elapsed time spent in this place.
 B = Non-inter-level travel time spent in this place.
 C = Inter-level travel time spent in this place.
 D = Time resting spent in this place.
 E = Time spent auto-exploring this place.
 F = Levels seen in this place.
 G = Mean time per level.
                   A        B        C        D        E       F      G
               +--------+--------+--------+--------+--------+-----+--------+
         Total |   1550 |   1453 |     97 |    119 |   1084 |   2 |  775.0 |
       Dungeon |   1550 |   1453 |     97 |    119 |   1084 |   2 |  775.0 |
               +--------+--------+--------+--------+--------+-----+--------+

Top non-repeatable levels by time:
     D:1: 1033 daAuts
     D:2: 516 daAuts
